 Dungeon Crawl Stone Soup version 0.29.1-15-g9cfb28693d (webtiles) character file.

Game seed: 5730639565534871802

192 tkbsonic5 the Vexing (level 5, -7/42 HPs)
             Began as a Deep Elf Enchanter on Apr 19, 2023.
             Mangled by a gnoll
             ... wielding a +0 whip
              (8 damage)
             ... on level 4 of the Dungeon.
             The game lasted 00:19:14 (5631 turns).

tkbsonic5 the Vexing (Deep Elf Enchanter)           Turns: 5631, Time: 00:19:15

Health: -7/42      AC:  4    Str:  5    XL:     5   Next: 42%
Magic:  2/13       EV: 13    Int: 22    God:
Gold:   190        SH:  0    Dex: 15    Spells: 1/12 levels left

rFire   . . .      SeeInvis .   a - +1 dagger
rCold   . . .      Faith    .   (no shield)
rNeg    . . .      Spirit   .   b - +0 robe
rPois   .          Reflect  .   c - +0 helmet
rElec   .          Harm     .   (no cloak)
rCorr   .          Rampage  .   e - +0 pair of gloves
Will    .....                   (no boots)
Stlth   ..........              (no amulet)
HPRegen 0.14/turn               (no ring)
MPRegen 0.13/turn               (no ring)

@: berserking, attractive, very quick
A: no striking features
a: no special abilities


You were on level 4 of the Dungeon.
You visited 1 branch of the dungeon, and saw 4 of its levels.

You collected 190 gold pieces.

Inventory:

Hand Weapons
 a - a +1 dagger (weapon)
 d - a +0 short sword {Sadako-Spawn}
 g - a +2 club
 k - a +0 trident
Armour
 b - a +0 robe (worn)
 c - a +0 helmet (worn)
 e - a +0 pair of gloves (worn)
 j - a +0 ring mail
Scrolls
 o - a scroll of identify
Potions
 f - a potion of attraction
 i - a potion of might {unknown}
 l - a potion of curing {unknown}
 m - a potion of magic {unknown}
 n - a potion of resistance {unknown}


   Skills:
 - Level 0.7 Fighting
 * Level 2.1 Short Blades
 + Level 2.7 Dodging
 * Level 4.6 Stealth
 * Level 4.3 Spellcasting
 * Level 5.1 Hexes
 * Level 0.2 Summonings
 * Level 2.0 Ice Magic


You had one spell level left.
You knew the following spells:

 Your Spells              Type           Power      Damage    Failure   Level
a - Ensorcelled Hibernat  Hex/Ice        40%        N/A       3%          2
b - Confusing Touch       Hex            27%        N/A       4%          3
c - Tukima's Dance        Hex            27%        N/A       4%          3
d - Summon Guardian Gole  Hex/Summ       16%        N/A       11%         3

Your spell library contained the following spells:

 Spells                   Type           Power      Damage    Failure   Level
 Slow                     Hex            100%       N/A       1%          1
 Summon Small Mammal      Summ           24%        N/A       10%         1
 Dazzling Flash           Conj/Hex       32%        N/A       12%         3
 Sublimation of Blood     Necr           4%         N/A       16%         2
 Wereblood                Tmut           4%         N/A       16%         2
 Call Canine Familiar     Summ           6%         N/A       28%         3
 Vampiric Draining        Necr           4%         2d6       32%         3
 Summon Hydra             Summ           3%         N/A       100%        7


Dungeon Overview and Level Annotations

Branches:
Dungeon (4/15)
 Temple: D:4-7

Altars:
Okawaru

Shops:
D:2 =

Annotations:
D:4 Ijyb


Message History

Confirm with . or Enter, or press ? or * to list all spells.
Okay, then.
Casting: Ensorcelled Hibernation (safe; 3% risk of failure)
Confirm with . or Enter, or press ? or * to list all spells.
Your hands begin to glow red.
The gnoll barely misses you.
Your magical contamination has completely faded away.
Ijyb the Twisted Goblin comes into view.
She is wielding a +5 club and carrying a wand of roots (10).
Found a stone staircase leading up.
Ijyb shouts!
Okay, then.
Okay, then.
You aren't carrying any items that you can evoke.
Okay, then.
Casting: Confusing Touch (dangerous; 4% risk of failure)
Confirm with . or Enter, or press ? or * to list all spells.
Okay, then.
Ijyb zaps a wand.
The roots erupt in riotous growth!
The grasping roots grab you!
The gnoll is unaffected.
Ijyb is unaffected.
The grasping roots constrict you.
You barely miss Ijyb. The gnoll hits you with a +0 whip.
Ijyb hits you with a +5 club. The grasping roots constrict you.
* * * LOW HITPOINT WARNING * * *
You hit Ijyb but do no damage.
Ijyb appears confused.
The grasping roots constrict you.
* * * LOW HITPOINT WARNING * * *
The gnoll barely misses you.
The grasping roots release their grip on you.
The gnoll attacks as you move away! The gnoll barely misses you.
Ijyb hits the gnoll with a +5 club!
There is a stone staircase leading up here.
It was a potion of attraction.
You feel attractive to monsters. Ijyb misses you. The gnoll closely misses you.
It was a potion of berserk rage.
A red film seems to cover your vision as you go berserk!
You feel yourself moving faster!
You feel mighty! Ijyb closely misses you.
The gnoll hits you from afar with a +0 spear.
* * * LOW HITPOINT WARNING * * *
The gnoll hits you with a +0 whip!
You die...

###########........#
#........#
#.)......#
#........#
♣)))).#)#.###
)P))..#.#.#
.)))))##.#..
♣.P))###.########
♣♣♣## #g#@.....#
#.#gg..#.#
#####.#g...#
#..........#
#......###.#
#......# .# #......#
# #......# #......#


You could see Ijyb (confused) and 2 gnolls.

Vanquished Creatures
  Jessica (D:3)
  3 gnolls
  5 adders
  2 worms
  4 orcs (D:3)
  3 endoplasms
  3 giant cockroaches
  10 goblins
  6 hobgoblins
  A quokka (D:2)
  8 ball pythons
  6 bats
  2 frilled lizards
  6 kobolds
  4 rats
64 creatures vanquished.

Vanquished Creatures (collateral kills)
  2 gnolls (D:2)
  An orc (D:3)
3 creatures vanquished.

Vanquished Creatures (others)
  2 dancing weapons (D:2)
2 creatures vanquished.

Grand Total: 69 creatures vanquished

Notes
Turn   | Place    | Note
-------+----------+-------------------------------------------
     0 | D:1      | tkbsonic5 the Deep Elf Enchanter began the quest for the
                  | Orb.
     0 | D:1      | Reached XP level 1. HP: 10/10 MP: 6/6
  1022 | D:1      | Reached XP level 2. HP: 15/15 MP: 8/8
  1218 | D:1      | Found a faded altar of an unknown god.
  1363 | D:1      | Learned a level 2 spell: Ensorcelled Hibernation
  2173 | D:2      | Found Tiulyifiu's Jewellery Shop.
  2236 | D:2      | Reached XP level 3. HP: 7/20 MP: 0/9
  2246 | D:2      | HP: 1/30 [hobgoblin (3)]
  2568 | D:2      | Learned a level 3 spell: Confusing Touch
  2572 | D:2      | Learned a level 3 spell: Tukima's Dance
  2819 | D:2      | HP: 1/20 [poisoned by an adder]
  3581 | D:2      | Reached skill level 1 in Ice Magic
  3615 | D:2      | Reached XP level 4. HP: 24/24 MP: 2/11
  4645 | D:3      | Noticed Jessica
  4650 | D:3      | Killed Jessica
  4651 | D:3      | Reached skill level 5 in Hexes
  4651 | D:3      | Reached XP level 5. HP: 20/28 MP: 8/13
  4659 | D:3      | Learned a level 3 spell: Summon Guardian Golem
  4821 | D:3      | Found an iron altar of Okawaru.
  5313 | D:3      | Noticed a sky beast
  5624 | D:4      | Noticed Ijyb
  5631 | D:4      | HP: 1/42 [gnoll/+0 spear (3)]
  5631 | D:4      | Mangled by a gnoll

Illustrated notes

Levels and vault maps discovered:
D:1:      wander_arrival_desolate, layout_loops_corners,
          shapermc_ecumenical_altar_mp_vishouse, minmay_shallow_snake_nest
D:2:      layout_basic, serial_shops, nicolae_shop_hallway_plus
D:3:      corexii_shack_village, layout_basic, mainiacjoe_overflow_alcove_1,
          lightli_corner_chamber, uniq_jessica
D:4:      layout_basic, tso_oasis_becter, grunt_ministairs_10,
          kennysheep_big_empty_room, minmay_ruptured, uniq_ijyb,
          uniq_crazy_yiuf_cottage

Skill      XL: |  1  2  3  4  5 |
---------------+----------------+-----
Stealth        | 4 |  4.6
Ice Magic      | 1 2 |  2.0
Spellcasting   | 4 |  4.3
Short Blades   | 2 |  2.1
Hexes          | 5 |  5.1
Fighting       | |  0.7
Dodging        | |  2.7
Summonings     | |  0.2

Action                   |  1- 3 |  4- 6 || total
-------------------------+-------+-------++-------
Melee: Short sword       |    97 |       ||    97
       Dagger            |    26 |    44 ||    70
       Punch             |     1 |       ||     1
 Cast: Ensorcelled Hiber |    25 |    21 ||    46
       Confusing Touch   |     2 |     3 ||     5
       Tukima's Dance    |     1 |     5 ||     6
       Summon Guardian G |       |     2 ||     2
  Use: Potion            |     4 |     2 ||     6
       Scroll            |     2 |     4 ||     6
 Stab: Sleeping          |    16 |    23 ||    39
       Confused          |     1 |     1 ||     2
       Invisible         |     1 |       ||     1
Armor: Robe              |    18 |     3 ||    21
       Skin              |    24 |       ||    24
Dodge: Dodged            |    72 |    26 ||    98
